 Dungeon Crawl Stone Soup version 0.17.1-3-g152610e (webtiles) character file.

62 ololoev the Chopper (level 3, -4/43 HPs)
             Began as a Demonspawn Fighter on Mar 21, 2016.
             Killed from afar by an orc wizard (8 damage)
             ... with a magic dart
             ... on level 3 of the Dungeon.
             The game lasted 00:02:05 (295 turns).

ololoev the Chopper (Demonspawn Fighter)             Turns: 295, Time: 00:02:05

Health: -4/43      AC: 21    Str: 22      XL:     3   Next: 85%
Magic:  3/3        EV:  2    Int:  9      God:
Gold:   49         SH:  9    Dex:  9 (12) Spells: 0 memorised, 2 levels left

rFire  . . .     SeeInvis .     a - +0 war axe
rCold  . . .     Clarity  .     (armour currently unavailable)
rNeg   + + +     SustAt   .     c - +0 shield
rPois  +         Gourm    +     (helmet currently unavailable)
rElec  .         Spirit   .     (cloak currently unavailable)
rCorr  .         Warding  .     (gloves currently unavailable)
rMut   .         NoTele   +     (boots currently unavailable)
MR     .....                    i - amulet of the gourmand
Stlth  +.........               (no ring)
                                (no ring)

@: mighty, tree-form, not resistant to hostile enchantments, very unstealthy
A: (talons 0)
a: no special abilities


Innate Abilities, Weirdness & Mutations

((You have sharp toenails.))

Inventory:

Hand Weapons
 a - a +0 war axe (weapon)
Missiles
 m - 8 javelins (quivered)
Armour
 b - a +0 scale mail (melded)
 c - a +0 shield (worn)
Jewellery
 i - an amulet of the gourmand (around neck)
Scrolls
 j - a scroll of identify {unknown}
Comestibles
 e - 2 bread rations
 h - 2 meat rations
 k - a beef jerky
 n - 2 chunks of flesh
 o - a slice of pizza


   Skills:
 - Level 3.0 Fighting
 * Level 3.3 Axes
 + Level 0.8 Throwing
 + Level 3.1 Armour
 - Level 2.6 Shields


You had 2 spell levels left.
You didn't know any spells.


You were on level 3 of the Dungeon.
You were not hungry.
You were a tree.
You visited 1 branch of the dungeon, and saw 3 of its levels.

You collected 49 gold pieces.

# #.###########
#...........#######
...................
%.###...###.#######
#.###...###.#
........'.#.# #######
..###...#.#.#####h......
#########.#)....♣)......
.....†....#.#####)......
###########.. .o.....
.... {.....? #######
.?..... #...... .......
........ ......
########......... ######
#...........#.....
#........[..

Notes
Turn   | Place    | Note
--------------------------------------------------------------
     0 | D:1      | ololoev the Demonspawn Fighter began the quest for the Orb.
     0 | D:1      | Reached XP level 1. HP: 18/18 MP: 1/1
    27 | D:2      | Found a deep blue altar of Sif Muna.
    27 | D:2      | Found a radiant altar of Vehumet.
    99 | D:3      | Gained mutation: You have sharp toenails. [demonic ancestry]
    99 | D:3      | Reached XP level 2. HP: 22/24 MP: 2/2
   160 | D:3      | Found a bloodstained altar of Trog.
   210 | D:3      | Reached XP level 3. HP: 8/29 MP: 3/3
   278 | D:3      | Noticed an orc wizard
   282 | D:3      | Noticed an orc wizard
   295 | D:3      | Killed from afar by an orc wizard

Dungeon Overview and Level Annotations

Branches:
Dungeon (3/15)

Altars:
Sif Muna
Trog
Vehumet


Message History

The orc hits you with a club.
A jackal comes into view.
Unknown command.
You closely miss something. Your kick misses something.
You closely miss the orc. Something hits you but does no damage.
The orc hits you from afar with a trident.
You block the orc's attack. Something hits you but does no damage.
Unknown command.
Drink which item? (? for menu, Esc to quit)
It was a potion of degeneration.
There was something very wrong with that liquid.
You feel clumsy. You block the orc's attack. x2
Something hits you but does no damage.
Drink which item? (? for menu, Esc to quit)
It was a potion of lignification.
You turn into a tree.
Your +0 scale mail melds into your body.
Your roots penetrate the ground.
The orc hits you but does no damage. You block the orc's attack.
Something hits you but does no damage.
Drink which item? (? for menu, Esc to quit)
It was a potion of flight.
Your roots keep you in place.
You block the orc's attack.
The jackal bites you but does no damage.
The orc hits you but does no damage. Something hits you but does no damage.
You closely miss the orc. You miss something. You hit the jackal.
The jackal is severely wounded.
You block the jackal's attack. You block the orc's attack.
The orc hits you but does no damage. Something hits you but does no damage.
The jackal bites you but does no damage.
Unknown command.
You slash the orc!
You kill the orc!
You closely miss the jackal.
The jackal is severely wounded.
You hit something. You block the jackal's attack.
The orc hits you but does no damage.
You hear some strange, mumbled words.
A magic dart appears from out of thin air!
The magic dart hits you!
You die...

You could see an orc and a jackal.

Vanquished Creatures
  3 adders (D:3)
  3 worms (D:3)
  A giant gecko (D:3)
  4 orcs (D:3)
  A ball python (D:2)
  2 bats
  A goblin (D:3)
  A jackal (D:3)
  A quokka (D:3)
  3 kobolds (D:3)
  A rat (D:3)
21 creatures vanquished.

Action                   || total
-------------------------++-------
Melee: War axe           ||    52
  Use: Potion            ||     6

Vault maps used:
D:1:      dpeg_arrival_tiny_f
D:2:      gammafunk_temple_overflow_pools, minitemple, lightli_corner_chamber
D:3:      overflow_temple_1_default, st_stairs_13
